 Dungeon Crawl Stone Soup version 0.27.1-1-g398f81649c (webtiles) character file.

Game seed: 3967648701780742847

358 DearestLeader the Shooter (level 6, 0/51 HPs)
             Began as a Minotaur Hunter on Sept 10, 2021.
             Slain by Pikel (8 damage)
             ... on level 4 of the Dungeon.
             The game lasted 00:05:44 (2428 turns).

DearestLeader the Shooter (Minotaur Hunter)         Turns: 2428, Time: 00:05:44

Health: 0/51       AC: 13    Str: 19    XL:     6   Next: 37%
Magic:  5/5        EV:  8    Int:  8    God:
Gold:   232        SH:  0    Dex: 10    Spells: 5/5 levels left

rFire    . . .     SeeInvis .   a - +1 shortbow
rCold    . . .     Faith    .   (shield currently unavailable)
rNeg     . . .     Spirit   .   n - +0 chain mail
rPois    .         Reflect  .   (helmet restricted)
rElec    .         Harm     .   b - +2 cloak
rCorr    .         Rampage  .   g - +0 pair of gloves
Will     .....                  (no boots)
Stlth    ..........             (no amulet)
HPRegen  0.17/turn              (no ring)
MPRegen  0.09/turn              (no ring)

@: no status effects
A: horns 2, retaliatory headbutt
a: no special abilities


You were on level 4 of the Dungeon.
You visited 1 branch of the dungeon, and saw 4 of its levels.

You collected 232 gold pieces.

Inventory:

Hand Weapons
 a - a +1 shortbow (weapon)
 o - a +2 mace of holy wrath
Missiles
 d - 33 arrows (quivered ammo)
Armour
 b - a +2 cloak (worn)
 c - a +0 leather armour
 g - a +0 pair of gloves (worn)
 j - a +0 ring mail
 n - a +0 chain mail (worn)
Jewellery
 h - a ring of protection from fire
Scrolls
 f - a scroll of enchant armour {unknown}
 k - a scroll of teleportation {unknown}
 l - a scroll of immolation {unknown}
 m - a scroll of vulnerability {unknown}
Potions
 i - a potion of heal wounds


   Skills:
 - Level 3.0 Fighting
 * Level 7.6 Bows
 + Level 2.5 Armour
 - Level 3.0 Dodging
 - Level 0.7 Stealth


You had 5 spell levels left.
You didn't know any spells.
Your spell library contained the following spells:

 Spells                   Type           Power      Damage    Failure   Level
 Freezing Cloud           Conj/Ice/Air   0%         6-21      100%        5
 Simulacrum               Ice/Necr       0%         N/A       100%        6
 Polar Vortex             Ice            0%         N/A       100%        9


Dungeon Overview and Level Annotations

Branches:
Dungeon (4/15)
 Temple: D:4-7

Altars:
Ashenzari
Yredelemnul

Annotations:
D:4 Pikel


Innate Abilities, Weirdness & Mutations

You have a pair of horns on your head.
You reflexively headbutt those who attack you in melee.


Message History

Pikel hits you but does no damage.
You shoot an arrow. The arrow closely misses Pikel.
A lemure comes into view. x2
You shoot an arrow. The arrow hits Pikel!
Pikel is severely wounded.
Pikel hits you but does no damage.
You shoot an arrow.
The arrow hits Pikel but does no damage.
Pikel is severely wounded.
Pikel hits you but does no damage.
You shoot an arrow. The arrow misses Pikel.
Pikel barely misses you.
You shoot an arrow. The arrow closely misses Pikel.
Pikel hits you with a +1 whip of electrocution.
You are electrocuted!!
* * * LOW HITPOINT WARNING * * *
The lemure hits you.
* * * LOW HITPOINT WARNING * * *
You see here an arrow.
You feel much better.
Fire: 37 arrows
Press: ? - help, Q - select action Shift-Dir - straight line, f/p - Pikel
Aim: Pikel, wielding a +1 whip of electrocution and wearing a +0 robe (severely wounded, 53% to hit)
You shoot an arrow. The arrow misses Pikel.
The arrow hits the lemure.
The lemure is lightly wounded.
You shoot an arrow. The arrow barely misses Pikel.
The arrow hits the lemure but does no damage.
The lemure is lightly wounded.
Pikel closely misses you.
You shoot an arrow. The arrow hits Pikel.
Pikel is severely wounded.
Pikel hits you with a +1 whip of electrocution!
You shoot an arrow. The arrow hits Pikel.
Pikel is almost dead.
Pikel hits you with a +1 whip of electrocution.
You are electrocuted!!
* * * LOW HITPOINT WARNING * * *
The lemure hits you.
* * * LOW HITPOINT WARNING * * *
Pikel hits you but does no damage.
You are electrocuted!
You die...

...# #.. #.. #.. #
#.# .. #.# ##.#
.#.####5###......
....(..5@.......
.#.##.#K###...#.#
....((.5# #...#.# #
.#.##.#(###.###.# ..
.#.#............# ..
.......(.)......#.##
.......(...........#
.....)((....#.....#
#...((#+###.......#


You could see Pikel and 3 lemures.

Vanquished Creatures
  An ogre (D:4)
  A lemure (D:4)
  A kobold brigand (D:4)
  Crazy Yiuf (D:3)
  An orc priest (D:2)
  An orc wizard (D:2)
  6 adders
  A dart slug (D:1)
  4 orcs
  4 endoplasms
  2 giant cockroaches
  3 goblins (D:1)
  3 hobgoblins (D:2)
  4 jackals (D:3)
  9 kobolds
  2 quokkas (D:1)
  3 ball pythons
  12 bats
  4 frilled lizards
  7 rats
70 creatures vanquished.

Notes
Turn   | Place    | Note
-------+----------+-------------------------------------------
     0 | D:1      | DearestLeader the Minotaur Hunter began the quest for the
                  | Orb.
     0 | D:1      | Reached XP level 1. HP: 18/18 MP: 0/0
   118 | D:1      | Reached XP level 2. HP: 25/25 MP: 1/1
   134 | D:1      | Reached skill level 5 in Bows
   210 | D:1      | Found a faded altar of an unknown god.
   795 | D:2      | Reached XP level 3. HP: 23/30 MP: 2/2
   923 | D:2      | Reached XP level 4. HP: 28/38 MP: 3/3
  1014 | D:2      | Reached skill level 6 in Bows
  1549 | D:3      | Reached XP level 5. HP: 31/45 MP: 4/4
  1758 | D:3      | Found a broken altar of Ashenzari.
  1759 | D:3      | Found a basalt altar of Yredelemnul.
  2124 | D:3      | Found a runed translucent door.
  2125 | D:3      | Noticed Crazy Yiuf
  2192 | D:3      | Killed Crazy Yiuf
  2193 | D:3      | Reached skill level 1 in Armour
  2357 | D:4      | Noticed an ogre
  2363 | D:4      | Killed an ogre
  2364 | D:4      | Reached skill level 7 in Bows
  2364 | D:4      | Reached XP level 6. HP: 51/51 MP: 5/5
  2403 | D:4      | Noticed Pikel
  2428 | D:4      | Slain by Pikel

Illustrated notes

Levels and vault maps discovered:
D:1:      dpeg_arrival_orchard, layout_rooms, basic_ecumenical_altar
D:2:      minmay_alternating_diamond, layout_rooms
D:3:      layout_rooms, jmf_multi_god_temple, chequers_garden, minmay_bisected,
          uniq_crazy_yiuf_cottage
D:4:      layout_basic, gammafunk_temple_overflow_claw,
          mainiacjoe_overflow_alcove_1, uniq_robin, uniq_pikel, uniq_ijyb,
          uniq_edmund

Skill      XL: |  1  2  3  4  5 |
---------------+----------------+-----
Bows           | 5 6 7 |  7.6
Fighting       | 3 |  3.0
Dodging        | 3 |  3.0
Armour         | 2 |  2.5
Stealth        | |  0.7

Action                   |  1- 3 |  4- 6 || total
-------------------------+-------+-------++-------
Melee: Short sword       |    53 |       ||    53
       Headbutt          |     6 |       ||     6
 Fire: Shortbow          |    22 |   138 ||   160
  Use: Potion            |     1 |     1 ||     2
Armor: Leather armour    |    28 |     1 ||    29
       Ring mail         |       |    14 ||    14
       Chain mail        |       |     7 ||     7
Dodge: Dodged            |    47 |    28 ||    75
